Map: New Repugnancy LE

Players

PtitDrogo - Winner!

  • Race: Protoss Protoss
  • Spawn Location: 1:00

TLO

  • Race: Zerg Zerg
  • Spawn Location: 7:00

Event: 2019 WCS Summer

VOD

Have the link to the VOD?

Description

Time

  • Played on: July 12, 2019, 11:08 a.m.
  • Length: 11:02

All games in this series

Show
View Real Time Build Order
Export as new Build Order

PtitDrogo Protoss - Winner!

Build Orders: 1 Gate Expand, Oracle Opening, Chargelot Immortal 

Get SALT Encoding   

  12  0:00  Probe  
  13  0:12  Probe  
  14  0:19  Pylon  
  14  0:25  Probe  
  15  0:33  Probe  
  15  0:39  Gateway  
  15  0:41  Probe  
  16  0:49  Assimilator  
  17  0:51  Probe  
  18  1:03  Probe  
  19  1:15  Probe  
  20  1:27  Nexus  
  20  1:37  Cybernetics Core  
  20  1:40  Probe  
  21  1:47  Assimilator  
  21  1:52  Probe  
  22  1:56  Pylon  
  22  2:04  Probe, Adept  
  25  2:17  Probe  
  25  2:20  Stargate  
  26  2:27  Warp Gate  
  26  2:28  Stalker  
  26  2:29  Probe  
  27  2:36  Probe  
  29  2:41  Probe  
  32  2:53  Probe  
  32  2:57  Gateway  
  32  2:59  Oracle  
  32  3:00  Gateway  
  32  3:11  Probe  
  36  3:14  Probe  
  37  3:20  Pylon  
  37  3:36  Probe x2, Oracle  
  40  3:48  Probe x2  
  41  3:57  Probe  
  41  4:00  Probe  
  43  4:05  Probe  
  43  4:07  Assimilator  
  44  4:10  Assimilator  
  44  4:11  Robotics Facility  
  44  4:12  Probe  
  44  4:14  Probe  
  44  4:15  Adept x2  
  50  4:24  Probe  
  50  4:26  Probe, Pylon  
  50  4:29  Pylon  
  52  4:36  Probe  
  52  4:37  Nexus  
  53  4:38  Probe  
  54  4:48  Probe  
  54  4:51  Probe, Immortal  
  56  4:53  Zealot x2  
  56  4:55  Pylon  
  66  5:09  Gateway  
  66  5:11  Gateway  
  63  5:15  Gateway  
  63  5:18  Sentry x2  
  63  5:20  Warp Prism  
  67  5:24  Gateway  
  67  5:32  Probe  
  67  5:34  Probe  
  71  5:41  Sentry x2  
  75  5:44  Probe  
  76  5:56  Probe  
  77  5:58  Probe x2  
  77  6:03  Sentry  
  81  6:05  Sentry  
  81  6:06  Sentry  
  81  6:08  Probe, Pylon  
  81  6:10  Stalker x2, Probe  
  91  6:12  Pylon  
  91  6:13  Probe  
  91  6:15  Pylon  
  91  6:20  Probe  
  90  6:30  Stalker x4  
  98  6:34  Sentry x2  
  102  6:43  Immortal  
  96  6:52  Probe x3  
  103  6:55  Sentry x2  
  103  6:56  Zealot x2  
  103  6:59  Stalker x2  
  92  7:18  Zealot x3  
  92  7:19  Zealot  
  96  7:22  Twilight Council  
  96  7:24  Forge  
  92  7:31  Stalker x2, Probe x2  
  92  7:33  Probe  
  92  7:36  Immortal  
  95  7:42  Sentry x2, Zealot  
  95  7:43  Charge, Zealot, Probe  
  95  7:44  Probe  
  105  7:48  Probe  
  110  7:51  Pylon  
  110  7:53  Protoss Ground Weapons Level 1  
  110  7:56  Probe x2  
  112  8:05  Assimilator  
  112  8:09  Assimilator  
  112  8:11  Stalker x2  
  112  8:12  Zealot x2  
  110  8:22  Zealot x2  
  110  8:23  Phoenix  
  94  8:30  Immortal  
  92  8:35  Probe x2  
  92  8:37  Probe  
  97  8:43  Zealot x6, Phoenix  
  109  8:48  Photon Cannon  
  111  9:04  Sentry  
  111  9:05  Zealot  
  111  9:06  Templar Archives  
  111  9:08  Immortal  
  111  9:09  Pylon  
  115  9:12  Phoenix  
  121  9:35  Phoenix  
  121  9:41  Zealot x2  
  121  9:42  Zealot x4, Immortal  
  133  9:53  Pylon  
  133  9:55  Pylon  
  133  9:59  Shield Battery  
  133  10:04  Shield Battery  
  133  10:10  Gateway  
  133  10:13  High Templar x4, Gateway  
  141  10:14  Zealot x2  
  141  10:17  Archon x2  
  145  10:35  Zealot x2  
  138  10:49  Zealot x3  
Show
View Real Time Build Order
Export as new Build Order

TLO Zerg 

Build Orders: Hatch First 

Get SALT Encoding   

  12  0:01  Drone  
  13  0:12  Overlord  
  13  0:16  Drone  
  14  0:30  Drone x2  
  16  0:40  Drone  
  17  0:51  Drone  
  17  0:56  Hatchery  
  17  1:00  Drone  
  17  1:04  Extractor  
  17  1:14  Spawning Pool  
  17  1:16  Drone  
  17  1:20  Drone  
  18  1:27  Drone  
  19  1:38  Overlord  
  19  2:00  Zergling x4  
  19  2:01  Queen  
  21  2:04  Metabolic Boost  
  21  2:07  Queen  
  25  2:11  Drone  
  25  2:13  Drone  
  27  2:20  Zergling x2  
  27  2:21  Zergling x2  
  29  2:29  Zergling x2  
  30  2:36  Drone  
  31  2:43  Overlord  
  32  2:44  Drone  
  32  2:52  Hatchery  
  32  2:55  Drone  
  32  2:59  Drone  
  32  3:01  Drone  
  32  3:04  Drone  
  35  3:09  Drone  
  35  3:10  Drone  
  35  3:11  Drone  
  37  3:13  Drone  
  37  3:16  Drone  
  37  3:18  Drone  
  40  3:21  Drone  
  40  3:23  Drone  
  40  3:26  Drone  
  43  3:28  Drone  
  44  3:36  Spore Crawler  
  44  3:38  Spore Crawler  
  42  3:41  Overlord  
  42  3:44  Overlord  
  41  3:50  Overlord  
  39  3:58  Overlord  
  39  4:01  Queen  
  40  4:04  Queen  
  40  4:05  Drone  
  40  4:09  Drone x2  
  45  4:11  Drone x2  
  45  4:16  Spore Crawler  
  46  4:18  Zergling x4  
  46  4:20  Zergling x2  
  46  4:21  Drone  
  46  4:24  Zergling x2  
  51  4:25  Drone  
  51  4:26  Drone  
  53  4:32  Lair  
  53  4:33  Drone  
  53  4:35  Drone  
  55  4:41  Drone x2  
  55  4:44  Drone x3  
  60  4:48  Drone x3  
  60  4:50  Drone  
  60  4:52  Drone  
  63  4:57  Extractor  
  63  4:58  Drone, Roach Warren  
  62  5:02  Drone x2  
  62  5:06  Drone, Extractor  
  64  5:08  Drone, Extractor  
  64  5:10  Zergling x2  
  64  5:12  Overlord  
  65  5:15  Drone, Overlord  
  65  5:16  Drone  
  66  5:21  Drone x3  
  66  5:24  Drone, Extractor x2, Overlord  
  66  5:27  Overlord  
  68  5:29  Overlord  
  68  5:36  Spire  
  68  5:38  Roach  
  68  5:39  Roach  
  71  5:42  Glial Reconstitution  
  71  5:44  Roach  
  71  5:45  Roach  
  71  5:48  Roach  
  71  5:49  Roach  
  76  5:51  Roach  
  76  5:53  Roach  
  76  5:54  Drone  
  76  5:55  Drone  
  80  5:58  Roach  
  80  6:01  Drone  
  80  6:02  Roach  
  80  6:03  Roach  
  86  6:08  Roach x2  
  86  6:11  Drone, Roach  
  93  6:17  Roach x2  
  93  6:18  Roach  
  99  6:20  Roach  
  99  6:22  Roach  
  99  6:23  Roach  
  99  6:25  Roach  
  105  6:27  Ravager  
  105  6:30  Ravager x3  
  105  6:32  Roach  
  111  6:33  Zergling x4  
  103  6:47  Roach  
  103  6:48  Roach  
  103  6:52  Roach  
  103  6:53  Overlord x3  
  105  6:58  Overlord  
  105  6:59  Overlord  
  105  7:05  Roach  
  103  7:11  Roach  
  103  7:12  Roach x2  
  103  7:13  Roach  
  103  7:15  Roach  
  99  7:16  Roach x2  
  99  7:17  Roach  
  99  7:19  Mutalisk  
  103  7:24  Mutalisk  
  97  7:32  Mutalisk x2  
  97  7:36  Zergling x2  
  97  7:37  Zergling x10  
  102  7:40  Mutalisk  
  104  7:44  Roach  
  104  7:48  Roach  
  104  7:50  Roach  
  110  7:55  Queen, Roach  
  114  7:59  Ravager  
  114  8:01  Roach x2  
  119  8:09  Roach x2  
  123  8:17  Roach  
  123  8:19  Roach  
  119  8:24  Roach  
  119  8:25  Roach  
  119  8:27  Roach  
  98  8:31  Drone  
  98  8:33  Mutalisk  
  96  8:46  Queen x2  
  100  8:48  Roach  
  100  8:49  Roach x3  
  100  8:52  Roach  
  100  8:53  Queen  
  112  8:59  Nydus Network  
  112  9:02  Roach  
  113  9:04  Ravager x2  
  113  9:07  Roach  
  113  9:09  Roach  
  119  9:14  Roach  
  125  9:17  Roach x2  
  125  9:19  Roach  
  125  9:22  Queen, Roach  
  129  9:32  Roach  
  129  9:37  Roach  
  128  9:43  Ravager x4  
  128  9:44  Ravager x2  
  131  9:50  Zergling x2  
  131  9:51  Zergling x14  
  139  10:04  Roach  
  139  10:05  Roach  
  139  10:07  Nydus Canal  
  143  10:08  Roach  
  143  10:09  Overseer  
  143  10:11  Overseer  
  143  10:13  Overlord x2  
  145  10:16  Overseer, Overlord  
  145  10:21  Roach  
  145  10:25  Nydus Canal  
  141  10:31  Roach  
  141  10:33  Roach  
  141  10:34  Roach  
  147  10:40  Roach  
Tags
 
Add a new tag
Caveats
  • Supply blocks, unpowered buildings, or Contaminate may cause inaccurate times.
  • Supply counts are checked every 10 seconds.